 Dungeon Crawl Stone Soup version 0.29-a0-468-ge57f7f99b4 (console) character file.

Game seed: 5136266585722369135

674 jejorda2 the Poker (level 7, -2/56 HPs)
             Began as a Merfolk Fighter on May 21, 2022.
             Was an Initiate of Okawaru.
             Slain by an iguana (6 damage)
             ... on level 4 of the Dungeon.
             The game lasted 00:06:19 (3670 turns).

jejorda2 the Poker (Merfolk Fighter)                Turns: 3670, Time: 00:06:19

Health: -2/56      AC:  9    Str: 18    XL:     7   Next: 59%
Magic:  7/7        EV:  6    Int:  7    God:    Okawaru [......]
Gold:   166        SH:  5    Dex: 14    Spells: 6/6 levels left

rFire   . . .      SeeInvis .   a - +0 trident
rCold   . . .      Faith    .   c - +0 buckler
rNeg    . . .      Spirit   .   q - +0 chain mail
rPois   .          Reflect  .   (no helmet)
rElec   .          Harm     .   (no cloak)
rCorr   .          Rampage  .   (no gloves)
Will    .....                   (no boots)
Stlth   ..........              m - amulet of regeneration
HPRegen 0.98/turn               (no ring)
MPRegen 0.10/turn               (no ring)

@: lethally poisoned (-2 -> -4)
A: (nimble swimmer 2), mertail, wild magic 1, devolution 1
a: Renounce Religion


You were on level 4 of the Dungeon.
You worshipped Okawaru.
Okawaru was noncommittal.
You visited 1 branch of the dungeon, and saw 4 of its levels.

You collected 166 gold pieces.

Inventory:

Hand Weapons
 a - a +0 trident (weapon)
Missiles
 g - 11 javelins
 i - 62 stones (quivered)
 t - 6 poisoned darts
 u - 3 boomerangs
Armour
 c - a +0 buckler (worn)
 q - a +0 chain mail (worn)
Jewellery
 m - an amulet of regeneration (around neck)
 r - a ring of magical power
Scrolls
 e - 2 scrolls of enchant armour {unknown}
 h - 6 scrolls of identify {unknown}
 k - a scroll of vulnerability {unknown}
 l - a scroll of teleportation {unknown}
 n - 2 scrolls of enchant weapon {unknown}
 p - a scroll of noise {unknown}
 s - a scroll of brand weapon {unknown}
Potions
 d - 2 potions of might
 f - a potion of haste {unknown}
 j - 2 potions of resistance {unknown}
 o - 2 potions of brilliance {unknown}


   Skills:
 + Level 5.4 Fighting
 * Level 7.9 Polearms
 + Level 3.7 Armour
 - Level 3.0 Shields
 + Level 0.4 Invocations


You had 6 spell levels left.
You didn't know any spells.
Your spell library contained the following spells:

 Spells                   Type           Power      Damage    Failure   Level
 Sandblast                Erth           0%         2d4       100%        1
 Passwall                 Tmut/Erth      0%         N/A       100%        2
 Stone Arrow              Conj/Erth      0%         3d7       100%        3


Dungeon Overview and Level Annotations

Branches:
Dungeon (4/15)
 Temple: D:4-7

Altars:
Gozag
Okawaru
Uskayaw


Innate Abilities, Weirdness & Mutations

((You are very nimble when in or above water. (Stealth+, EV+, Speed+++)))
Your lower body shifts to a powerful aquatic tail in water.
Your spells are a little harder to cast, but a little more powerful.
You have hidden genetic defects.


Message History

You are more poisoned.
The orc barely misses you.
You hit the orc.
The orc is lightly wounded.
You feel very sick. The orc hits you with a +0 flail.
You block the orc's attack. The orc completely misses you.
You barely miss the orc.
The orc is lightly wounded.
You feel very sick.
You barely miss the orc.
The orc is lightly wounded.
You feel sick.
The orc hits you with a +2 whip of venom.
You are more poisoned.
The orc hits you with a +0 flail. The orc hits you with a +0 falchion.
You puncture the orc!
You kill the orc!
Okawaru accepts your kill.
You feel very sick.
The orc hits you with a +2 whip of venom.
You are more poisoned.
The orc closely misses you. The iguana attacks as you move away!
You block the iguana's attack. The orc attacks as you move away!
The orc hits you with a +0 flail.
You feel very sick. The orc barely misses you.
You feel very sick.
You hit the orc.
The orc is moderately wounded.
You feel very sick.
You hit the orc.
The orc is severely wounded.
You feel sick. The orc barely misses you. The iguana bites you!
* * * LOW HITPOINT WARNING * * *
It was a potion of mutation.
You feel extremely strange.
You feel a hidden malignance growing inside you.
You feel less in control of your magic.
You feel sick. The orc completely misses you. The iguana bites you.
You die...

... ##.≈≈.#≈ .(. #.≈≈...≈ ..
#.##...≈ #( #......# #.##
####...# #))# #...# #.o# #...#
##l## #...# #@o# #...# ##..#
#...# ###...## #...# ###......###
#.... ####..........## #.... #
###.........#....## #....
.#####.........####....## ##..##
........................####..##
#....).............####........##


You could see an iguana and 2 orcs.

Vanquished Creatures
  Pikel (D:4)
  A necrophage (D:2)
  A jelly (D:4)
  An iguana (D:4)
  An orc wizard (D:3)
  4 adders
  9 orcs
  7 ball pythons
  5 bats
  7 endoplasms
  4 giant cockroaches
  2 jackals (D:2)
  2 quokkas
  A frilled lizard (D:3)
  4 kobolds
  4 rats (D:1)
54 creatures vanquished.

Notes
Turn   | Place    | Note
-------+----------+-------------------------------------------
     0 | D:1      | jejorda2 the Merfolk Fighter began the quest for the Orb.
     0 | D:1      | Reached XP level 1. HP: 18/18 MP: 1/1
   131 | D:1      | Reached skill level 3 in Polearms
   253 | D:1      | Reached XP level 2. HP: 24/24 MP: 2/2
  1015 | D:2      | Noticed a necrophage
  1028 | D:2      | Killed a necrophage
  1029 | D:2      | Reached skill level 4 in Polearms
  1029 | D:2      | Reached XP level 3. HP: 16/30 MP: 3/3
  1029 | D:2      | Reached XP level 4. HP: 19/37 MP: 4/4
  2272 | D:3      | Found a hide-covered altar of Uskayaw.
  2311 | D:3      | Reached skill level 5 in Polearms
  2311 | D:3      | Reached XP level 5. HP: 42/42 MP: 5/5
  2404 | D:3      | Found a faded altar of an unknown god.
  2609 | D:3      | Found an iron altar of Okawaru.
  2764 | D:3      | Found an opulent altar of Gozag.
  3169 | D:4      | Noticed a lemure
  3169 | D:4      | Noticed Pikel
  3174 | D:4      | Noticed a lemure
  3179 | D:4      | Noticed a lemure
  3179 | D:4      | Noticed a lemure
  3199 | D:4      | Killed Pikel
  3200 | D:4      | Reached skill level 5 in Fighting
  3200 | D:4      | Reached skill level 7 in Polearms
  3200 | D:4      | Reached XP level 6. HP: 10/51 MP: 6/6
  3200 | D:4      | Reached XP level 7. HP: 11/56 MP: 7/7
  3282 | D:3      | Became a worshipper of Warmaster Okawaru
  3670 | D:4      | Gained mutation: You have hidden genetic defects. [potion
                  | of mutation]
  3670 | D:4      | Gained mutation: Your spells are a little harder to cast,
                  | but a little more powerful. [potion of mutation]
  3670 | D:4      | Slain by an iguana

Illustrated notes

Levels and vault maps discovered:
D:1:      nagdon_arrival_double_spiral, layout_loops_ring
D:2:      layout_basic
D:3:      layout_basic, marbit_many_paths,
          nicolae_uskayaw_murder_on_the_dancefloor,
          nicolae_overflow_hidden_temple, shapermc_ecumenical_altar_gd,
          hangedman_abyss_or_decor_stabs, minivault_11, minmay_splitting_lines
D:4:      layout_cave_pods, grunt_dithmenos_smoke, minmay_temple_entry_trees,
          chequers_serial_rivers_small_b, uniq_pikel

Skill      XL: |  1  2  3  4  5 |
---------------+----------------+-----
Polearms       | 3 4 5 7 |  7.9
Fighting       | 4 5 |  5.4
Armour         | 3 |  3.7
Shields        | |  3.0
Invocations    | |  0.4

Action                   |  1- 3 |  4- 6 |  7- 9 || total
-------------------------+-------+-------+-------++-------
Melee: Trident           |    76 |   138 |    37 ||   251
Throw: Javelin           |     3 |       |       ||     3
       Stone             |       |    20 |     7 ||    27
  Use: Potion            |       |     1 |     1 ||     2
Armor: Scale mail        |    25 |    35 |       ||    60
       Chain mail        |       |     9 |    14 ||    23
Dodge: Dodged            |    26 |    30 |    21 ||    77
Block: Buckler           |    13 |    15 |    12 ||    40

Table legend: (Time is in decaauts)
 A = Elapsed time spent in this place.
 B = Non-inter-level travel time spent in this place.
 C = Inter-level travel time spent in this place.
 D = Time resting spent in this place.
 E = Time spent auto-exploring this place.
 F = Levels seen in this place.
 G = Mean time per level.
                   A        B        C        D        E       F      G
               +--------+--------+--------+--------+--------+-----+--------+
         Total |   3676 |   3379 |    297 |      0 |   2851 |   4 |  919.0 |
       Dungeon |   3676 |   3379 |    297 |      0 |   2851 |   4 |  919.0 |
               +--------+--------+--------+--------+--------+-----+--------+

Top non-repeatable levels by time:
     D:3: 1094 daAuts
     D:2: 1083 daAuts
     D:1: 917 daAuts
     D:4: 581 daAuts
